 Dungeon Crawl Stone Soup version 0.29.1-12-g30fa7ad0bf (webtiles) character file.

Game seed: 2151750795044782802

452 hawla the Chiller (level 7, -2/51 HPs)
             Began as a Meteoran Ice Elementalist on Jan 14, 2023.
             Slain by an ufetubus (3 damage)
             ... on level 5 of the Dungeon.
             The game lasted 00:08:34 (1184 turns).

hawla the Chiller (Meteoran Ice Elementalist)       Turns: 1184, Time: 00:08:35

Health: -2/51      AC:  2    Str: 10    XL:     7   Next: 50%
Magic:  8/14       EV: 12    Int: 19    God:
Gold:   88         SH:  0    Dex: 14    Spells: 6/14 levels left

rFire   + . .      SeeInvis .   m - staff of fire
rCold   . . .      Faith    .   (no shield)
rNeg    . . .      Spirit   .   a - +0 robe
rPois   .          Reflect  .   (no helmet)
rElec   .          Harm     .   (no cloak)
rCorr   .          Rampage  .   (no gloves)
Will    .....                   (no boots)
Stlth   +.........              (no amulet)
HPRegen 0.17/turn               (no ring)
MPRegen 0.14/turn               (no ring)

@: brilliant, glowing
A: sense surroundings 1, otherworldly, glowing, explore regen
a: no special abilities


You were on level 5 of the Dungeon.
You visited 1 branch of the dungeon, and saw 5 of its levels.

You collected 88 gold pieces.

Inventory:

Armour
 a - a +0 robe (worn)
Magical Staves
 m - a staff of fire (weapon)
Scrolls
 c - a scroll of noise {unknown}
 d - a scroll of silence {unknown}
 e - 4 scrolls of teleportation {unknown}
 f - a scroll of enchant armour {unknown}
 h - a scroll of identify {unknown}
 j - a scroll of fog {unknown}
 n - a scroll of blinking {unknown}
Potions
 b - a potion of magic
 i - a potion of curing {unknown}
 k - a potion of haste {unknown}
 l - a potion of heal wounds {unknown}


   Skills:
 - Level 0.3 Fighting
 - Level 2.6 Dodging
 - Level 1.4 Stealth
 - Level 4.0 Spellcasting
 - Level 5.2 Conjurations
 + Level 2.6 Fire Magic
 - Level 5.5 Ice Magic
 + Level 2.6 Evocations


You had 6 spell levels left.
You knew the following spells:

 Your Spells              Type           Power      Damage    Failure   Level
a - Freeze                Ice            100%       1d11      1%          1
b - Frozen Ramparts       Ice            74%        1d12      4%          3
c - Hailstorm             Conj/Ice       36%        3d9       16%         4

Your spell library contained the following spells:

 Spells                   Type           Power      Damage    Failure   Level
 Ozocubu's Armour         Ice            37%        N/A       4%          3
 Dazzling Flash           Conj/Hex       40%        N/A       14%         3
 Iskenderun's Mystic Bla  Conj/Tloc      20%        2d6       43%         4
 Starburst                Conj/Fire      21%        6d7       99%         6


Dungeon Overview and Level Annotations

Branches:
Dungeon (5/15) Zot: 1816
 Temple: D:4-7

Altars:
Cheibriados
Fedhas
Gozag
Qazlal
Uskayaw
Xom
The Shining One

Shops:
D:3 (


Innate Abilities, Weirdness & Mutations

You passively map a small area around you.
You are easily found by Zot.
You glow in the dark.
You regain HP and MP as you explore.


Message History

Confirm with . or Enter, or press ? or * to list all spells.
Aiming: Freeze (safe; 1% risk of failure)
Press: ? - help, Shift-Dir - straight line, f - ufetubus
Aim: an ufetubus You freeze the ufetubus.
The ufetubus resists.
The ufetubus is lightly wounded.
You feel sick.
You are no longer poisoned.
The ufetubus closely misses you. The ufetubus barely misses you.
The gnoll hits you from afar with a +0 spear.
The ufetubus hits you but does no damage.
The ufetubus closely misses you. The ufetubus hits you. x2
* * * LOW HITPOINT WARNING * * *
You see here an iguana corpse.
The ufetubus attacks as you move away! The ufetubus hits you.
* * * LOW HITPOINT WARNING * * *
The ufetubus closely misses you. The ufetubus attacks as you move away!
The ufetubus hits you.
* * * LOW HITPOINT WARNING * * *
The ufetubus hits you but does no damage.
The ufetubus hits you.
* * * LOW HITPOINT WARNING * * *
The ufetubus hits you.
* * * LOW HITPOINT WARNING * * *
The ufetubus misses you. The ufetubus barely misses you.
The ufetubus attacks as you move away! The ufetubus closely misses you.
The ufetubus hits you.
* * * LOW HITPOINT WARNING * * *
The ufetubus attacks as you move away! The ufetubus hits you.
* * * LOW HITPOINT WARNING * * *
The ufetubus hits you but does no damage.
The ufetubus hits you.
* * * LOW HITPOINT WARNING * * *
The ufetubus hits you.
* * * LOW HITPOINT WARNING * * *
It was a potion of brilliance.
You feel clever all of a sudden. The ufetubus hits you.
You die...

* , # #......#...# ,
...#.##?.)#)#.... ,, *
...#.###†....#.##
#......#..#...?.. ,
+..#.#..#.#...... ,,
,##.##.##.#........ * ,
###..##.##.†........ *
,####....##.##g#........
#.....@5.g.##.##....#.#
,...#######..#..##.#.<...
* * * ** *#.....##.#...<.
* #.................. , ,
...#########....... * #.#
* .##(((##...... , #,
,.##(#(#(#......
+._$#((.#..#......
...##.#.#.#......


You could see a gnoll and an ufetubus.

Vanquished Creatures
  An ogre (D:4)
  A gnoll sergeant (D:5)
  A howler monkey (D:5)
  2 hounds (D:4)
  Terence (D:3)
  2 iguanas
  7 gnolls
  An adder (D:5)
  2 worms
  3 dart slugs
  4 orcs
  6 endoplasms
  A goblin (D:3)
  4 jackals (D:1)
  6 kobolds
  3 quokkas
  4 bats
  3 rats
52 creatures vanquished.

Notes
Turn   | Place    | Note
-------+----------+-------------------------------------------
     0 | D:1      | hawla the Meteoran Ice Elementalist began the quest for the
                  | Orb.
     0 | D:1      | Reached XP level 1. HP: 14/14 MP: 5/5
    26 | D:1      | Reached XP level 2. HP: 1/20 MP: 0/6
   252 | D:3      | Reached XP level 3. HP: 14/26 MP: 5/8
   256 | D:3      | Learned a level 3 spell: Frozen Ramparts
   263 | D:3      | Noticed Terence
   270 | D:3      | Killed Terence
   271 | D:3      | Reached skill level 5 in Ice Magic
   271 | D:3      | Reached XP level 4. HP: 26/33 MP: 4/10
   277 | D:3      | Learned a level 4 spell: Hailstorm
   313 | D:3      | Found Noav's Weapon Shoppe.
   346 | D:3      | Reached skill level 1 in Conjurations
   435 | D:3      | Reached XP level 5. HP: 12/38 MP: 5/11
   471 | D:3      | Found a snail-covered altar of Cheibriados.
   501 | D:4      | Reached XP level 6. HP: 31/45 MP: 2/12
   579 | D:4      | Noticed an ogre
   586 | D:4      | Killed an ogre
   587 | D:4      | Reached skill level 5 in Conjurations
   762 | D:4      | Found a shimmering altar of Xom.
   762 | D:4      | Found an opulent altar of Gozag.
   763 | D:4      | Found a blossoming altar of Fedhas.
   774 | D:4      | Found a glowing golden altar of the Shining One.
   963 | D:4      | Found a stormy altar of Qazlal.
  1127 | D:5      | Entered Level 5 of the Dungeon
  1127 | D:5      | Noticed a +0 falchion
  1127 | D:5      | Noticed a +0 dagger
  1127 | D:5      | Noticed a +0 short sword
  1127 | D:5      | Noticed a +0 spear
  1129 | D:5      | Noticed a +0 short sword
  1129 | D:5      | Noticed a +0 dagger
  1144 | D:5      | Noticed a +0 falchion
  1149 | D:5      | Reached skill level 1 in Fire Magic
  1149 | D:5      | Reached skill level 1 in Evocations
  1149 | D:5      | Reached XP level 7. HP: 48/51 MP: 9/14
  1151 | D:5      | Noticed a +0 spear
  1152 | D:5      | Found a hide-covered altar of Uskayaw.
  1183 | D:5      | HP: 1/51 [ufetubus (4)]
  1184 | D:5      | Slain by an ufetubus

Illustrated notes

Levels and vault maps discovered:
D:1:      dpeg_arrival_arbitrary_a, layout_basic
D:2:      minmay_evil_eye, layout_basic, chequers_ecumenical_altar_simple_redux
D:3:      layout_loops_ring, kennysheep_slug_shrine, serial_shops, shop,
          serial_glass, glass_columns_c, glass_columns_b, item_on_display_b,
          item_on_display_a, minmay_strange_pillars, minmay_strange_pillars,
          uniq_crazy_yiuf_cottage, uniq_terence
D:4:      layout_loops_ring, lemuel_doored_altar,
          nicolae_overflow_quartered_altars
D:5:      cheibrodos_helix_gallery, layout_rooms, led_sif_book,
          nicolae_uskayaw_en_pointe, serial_shops, nicolae_diamond_shop,
          minmay_divided_ellipse

Skill      XL: |  1  2  3  4  5  6  7 |
---------------+----------------------+-----
Spellcasting   | 3 4 |  4.0
Ice Magic      | 5 |  5.5
Conjurations   | 2 4 5 |  5.2
Fire Magic     | 1 2 |  2.6
Evocations     | 1 2 |  2.6
Fighting       | |  0.3
Dodging        | |  2.6
Stealth        | |  1.4

Action                   |  1- 3 |  4- 6 |  7- 9 || total
-------------------------+-------+-------+-------++-------
Melee: Unarmed           |    10 |    10 |       ||    20
       Staff             |       |       |     1 ||     1
 Cast: Freeze            |    25 |    37 |     1 ||    63
       Frozen Ramparts   |     1 |    16 |     1 ||    18
       Hailstorm         |       |       |     2 ||     2
  Use: Potion            |       |       |     1 ||     1
Armor: Robe              |     8 |     7 |     4 ||    19
Dodge: Dodged            |    27 |    20 |     8 ||    55
